 Dungeon Crawl Stone Soup version 0.30-a0-779-g7971cf19c3 (webtiles) character file.

Game seed: 4563291250222587998

3502 IndexError the Skirmisher (level 9, -2/35 (40) HPs)
             Began as a Spriggan Hexslinger on Feb 17, 2023.
             Was a Follower of Nemelex Xobeh.
             Slain by a spriggan
             ... wielding a +0 dagger
              (11 damage)
             ... on level 8 of the Dungeon.
             The game lasted 00:17:37 (9310 turns).

IndexError the Skirmisher (Spriggan Hexslinger)     Turns: 9310, Time: 00:17:38

HP:   -2/35 (40)    AC:  3    Str:  6    XL:     9   Next: 80%
MP:   0/17          EV: 18    Int: 20    God:    Nemelex Xobeh [*.....]
Gold: 416           SH:  0    Dex: 20    Spells: 13/18 levels left

rFire   + . .      SeeInvis +    a - +2 hand crossbow (flame)
rCold   . . .      Faith    .    (no shield)
rNeg    . . .      Spirit   +    c - +1 robe
rPois   .          Reflect  .    (helmet restricted)
rElec   .          Harm     .    (no cloak)
rCorr   .          Rampage  .    (gloves unavailable)
Will    +....                    (boots unavailable)
Stlth   ++                       x - amulet of guardian spirit {Spirit}
HPRegen 0.25/turn                k - +6 ring of intelligence
MPRegen 0.15/turn                G - ring of protection from fire {rF+, !d}

@: heavily drained, very quick
A: very small, no large weapons, unfitting armour, see invisible, speed 3
a: Renounce Religion, Draw Escape, Draw Destruction, Draw Summoning


You were on level 8 of the Dungeon.
You worshipped Nemelex Xobeh.
Nemelex Xobeh was aware of your devotion.
You visited 2 branches of the dungeon, and saw 9 of its levels.

You collected 416 gold pieces.

Inventory:

Hand Weapons
 a - a +2 hand crossbow of flaming (weapon)
   (You acquired it on level 7 of the Dungeon)
 b - a +1 whip of electrocution
   (You took it off Pikel on level 3 of the Dungeon)
Missiles
 g - a throwing net {=f, !d}
 N - 5 curare-tipped darts
Armour
 c - a +1 robe (worn)
 n - a +0 animal skin
   (You took it off a hobgoblin on level 7 of the Dungeon)
 p - a +0 robe
   (You took it off Pikel on level 3 of the Dungeon)
 s - a +0 animal skin
   (You took it off Robin on level 2 of the Dungeon)
 t - a +0 animal skin
   (You took it off a kobold on level 7 of the Dungeon)
 u - a +0 robe
   (You found it on level 2 of the Dungeon)
 v - a +0 animal skin
   (You took it off a hobgoblin on level 7 of the Dungeon)
 w - a +0 robe
   (You took it off an orc wizard on level 3 of the Dungeon)
 y - a +0 animal skin
   (You took it off a kobold on level 7 of the Dungeon)
 A - a +0 animal skin
   (You took it off a goblin on level 7 of the Dungeon)
 D - a +0 robe
   (You found it on level 4 of the Dungeon)
 E - a +0 robe
   (You found it on level 4 of the Dungeon)
 F - a +0 robe
   (You found it on level 4 of the Dungeon)
 K - a +0 animal skin
   (You took it off a hobgoblin on level 7 of the Dungeon)
 L - a +0 robe
   (You found it on level 7 of the Dungeon)
 P - a +0 robe
   (You took it off an orc wizard on level 8 of the Dungeon)
 Q - a +0 robe
   (You took it off a spriggan on level 8 of the Dungeon)
 R - a +0 robe
   (You took it off a spriggan on level 8 of the Dungeon)
 S - a +0 robe
   (You took it off a wight on level 8 of the Dungeon)
 T - a +0 animal skin
   (You took it off Grum on level 8 of the Dungeon)
Jewellery
 k - a +6 ring of intelligence (left hand)
   (You found it on level 1 of the Dungeon)
 m - an amulet of reflection
   (You found it on level 1 of the Dungeon)
 x - an amulet of guardian spirit (around neck) {Spirit}
   (You found it on level 3 of the Dungeon)
 G - a ring of protection from fire (right hand) {rF+, !d}
   (You found it on level 4 of the Dungeon)
Wands
 C - a wand of flame (39)
   (You found it on level 4 of the Dungeon)
 I - a wand of quicksilver (14)
   (You found it on level 5 of the Dungeon)
Scrolls
 d - 2 scrolls of magic mapping {unknown}
 h - 3 scrolls of enchant armour
 i - a scroll of vulnerability {!r!r}
 l - 3 scrolls of fog
 B - 2 scrolls of immolation {!r}
 M - 3 scrolls of teleportation {unknown}
 O - 2 scrolls of identify
Potions
 e - 2 potions of invisibility {unknown}
 f - a potion of cancellation
 j - 7 potions of curing {unknown}
 o - 6 potions of degeneration {unknown}
 q - 2 potions of mutation {unknown}
 r - 3 potions of brilliance
 z - 2 potions of heal wounds {unknown}
 H - a potion of flight
 J - a potion of lignification {!q}


   Skills:
 - Level 0.7 Fighting
 * Level 12.6 Ranged Weapons
 - Level 2.6 Dodging
 - Level 5.0 Spellcasting
 - Level 7.0 Hexes


You had 13 spell levels left.
You knew the following spells:

 Your Spells              Type           Power      Damage    Failure   Level
a - Cause Fear            Hex            16%        N/A       6%          4
s - Slow                  Hex            100%       N/A       1%          1

Your spell library contained the following spells:

 Spells                   Type           Power      Damage    Failure   Level
 Confusing Touch          Hex            33%        N/A       1%          3
 Inner Flame              Hex/Fire       19%        N/A       9%          3
 Portal Projectile        Hex/Tloc       38%        N/A       9%          3
 Vampiric Draining        Necr           5%         2d6       34%         3


Dungeon Overview and Level Annotations

Branches:
Dungeon (8/15)             Temple (1/1) D:7
   Lair: D:8-11

Altars:
Ashenzari
Cheibriados
Dithmenos
Elyvilon
Fedhas
Gozag
Hepliaklqana
Kikubaaqudgha
Makhleb
Nemelex Xobeh
Qazlal
Ru
Sif Muna
Trog
Uskayaw
Vehumet
Wu Jian
Xom
Yredelemnul
Zin
The Shining One

Shops:
D:1 (


Innate Abilities, Weirdness & Mutations

You are very small and have problems with some larger weapons.
You are too small for most types of armour.
You have supernaturally acute eyesight. (SInv)
You cover ground extremely quickly. (Speed+++)


Message History

You shoot a bolt. The bolt barely misses the spriggan.
The spriggan hits you with a +0 dagger!
Spoiler Alert: The spriggan is very fast and can hit for moderate damage!
You take 6 damage, and have 14/40 hp.
You now have 6/17 mp.
Fire: a) +2 hand crossbow (flame)
Press: ? - help, Q - select action Shift-Dir - straight line, f/p - spriggan
Aim: a spriggan, wielding a +0 dagger and wearing a +0 robe (50% to hit)
You shoot a bolt. The bolt closely misses the spriggan.
The spriggan closely misses you.
Spoiler Alert: The spriggan is very fast and can hit for moderate damage!
Fire: a) +2 hand crossbow (flame)
Press: ? - help, Q - select action Shift-Dir - straight line, f/p - spriggan
Aim: a spriggan, wielding a +0 dagger and wearing a +0 robe (50% to hit)
You shoot a bolt. The bolt misses the spriggan.
The spriggan hits you with a +0 dagger.
* * * LOW HITPOINT WARNING * * *
Spoiler Alert: The spriggan is very fast and can hit for moderate damage!
You take 2 damage, and have 12/40 hp.
You now have 4/17 mp.
Fire: a) +2 hand crossbow (flame)
Press: ? - help, Q - select action Shift-Dir - straight line, f/p - spriggan
Aim: a spriggan, wielding a +0 dagger and wearing a +0 robe (50% to hit)
You shoot a bolt. The bolt hits the spriggan!!
The bolt burns the spriggan!
Fire: a) +2 hand crossbow (flame)
Press: ? - help, Q - select action Shift-Dir - straight line, f - orc
Aim: an orc, wielding a +0 dagger (71% to hit)
You shoot a bolt. The bolt hits the orc!!
The bolt burns the orc.
Fire: a) +2 hand crossbow (flame)
Press: ? - help, Q - select action Shift-Dir - straight line, f - you Really target yourself? [Y]es or [N]o only, please.
Really target yourself? [Y]es or [N]o only, please.
Really target yourself?
Okay, then.
Q - a +0 robe;
O - 2 scrolls of identify (gained 1)
Items here: ( )))) [ †.
Health restored: 40; MP restored: 17
Okay, then.
R - a +0 robe You see here a +0 short sword.
S - a +0 robe;
T - a +0 animal skin
Items here: )) ††.
A wight comes into view. It is wielding a +0 spear.
The wight hits you from afar with a +0 spear!
You feel drained.
Spoiler Alert: The wight can drain you in melee!
You take 8 damage, and have 32/38 hp.
MASSIVE DAMAGE!!
You now have 15/17 mp.
You shoot a bolt. The bolt barely misses the wight.
You hear a shout!
The wight barely misses you.
You shoot a bolt. The bolt hits the wight!
The bolt burns the wight.
A spriggan comes into view. It is wielding a +0 dagger.
The wight hits you from afar with a +0 spear.
You feel drained. The wight closely misses you.
Warning x2: The wight can drain you in melee!
The spriggan (wandering) is very fast and can hit for moderate damage!
You take 4 damage, and have 29/36 hp.
You now have 14/17 mp.
You shoot a bolt. The spriggan shouts!
The bolt hits the wight but does no damage.
The wight hits you from afar with a +0 spear!
You feel drained.
Warning x2: The spriggan is very fast and can hit for moderate damage!
The wight can drain you in melee!
You take 7 damage, and have 22/35 hp.
You now have 10/17 mp.
You shoot a bolt. The bolt hits the spriggan!
The bolt burns the spriggan.
The spriggan hits you with a +0 dagger! The wight closely misses you.
The spriggan hits you with a +0 dagger!
* * * LOW HITPOINT WARNING * * *
Warning x2: The spriggan is very fast and can hit for moderate damage!
The wight can drain you in melee!
You take 14 damage, and have 8/35 hp.
MASSIVE DAMAGE!!
You now have 3/17 mp.
You are too injured to fight recklessly!
Warning x2: The spriggan is very fast and can hit for moderate damage!
The wight can drain you in melee!
You are too injured to fight recklessly!
Warning x2: The spriggan is very fast and can hit for moderate damage!
The wight can drain you in melee!
Warning x2: The spriggan is very fast and can hit for moderate damage!
The wight can drain you in melee!
Warning x2: The spriggan is very fast and can hit for moderate damage!
The wight can drain you in melee!
Casting: Slow (safe; 1% risk of failure)
Confirm with . or Enter, or press ? or * to list all spells.
Aiming: Slow (safe; 1% risk of failure)
Press: ? - help, Shift-Dir - straight line, f/p - spriggan
Aim: a spriggan, wielding a +0 dagger and wearing a +0 robe (heavily wounded, chance to affect: 23%)
Okay, then.
Spoiler Alert: The spriggan is very fast and can hit for moderate damage!
Unknown command.
Casting: Slow (safe; 1% risk of failure)
Confirm with . or Enter, or press ? or * to list all spells.
The spell is quite dangerous to miscast (6% risk of failure)!
Continue anyway?
Okay, then.
Casting: Cause Fear (quite dangerous; 6% risk of failure)
Confirm with . or Enter, or press ? or * to list all spells.
The spell is quite dangerous to miscast (6% risk of failure)!
Continue anyway?
Okay, then.
Spoiler Alert: The spriggan is very fast and can hit for moderate damage!
Casting: Cause Fear (quite dangerous; 6% risk of failure)
Confirm with . or Enter, or press ? or * to list all spells.
The spell is quite dangerous to miscast (6% risk of failure)!
Continue anyway?
Casting: Cause Fear (quite dangerous; 6% risk of failure)
Press: ? - help, Dir - look around, f - activate The spriggan easily resists.
The spriggan hits you with a +0 dagger!
You die...
Your body disappears without a glow.

#############
♣♣♣ ♣.♣ ♣
♣♣♣.♣ .♣
♣♣...♣♣ ..♣
##########
♣....z♣..♣
.........#
♣...♣..z.♣
.........#
♣.♣♣♣♣.♣♣♣
.........#
♣i♣ ♣♣
.........#
♣@♣♣
..)......#
♣..♣
.........#
♣♣)♣
.........#
♣♣)♣
.........###
♣)♣♣
...........##
♣♣.♣♣
##########..#
♣♣.♣ ##.##
♣.♣ #..# ♣.♣


You could see a spriggan.

Vanquished Creatures
  Pikel (D:3)
  Grinder (D:4)
  A hornet (D:7)
  2 spriggans (D:8)
  Eustachio (D:5)
  Grum (D:8)
  An orc warrior (D:8)
  An ice beast (D:7)
  An ogre (D:7)
  3 black bears
  2 wolves (D:8)
  A centaur (D:8)
  A phantom (D:7)
  2 kobold brigands (D:8)
  5 bullfrogs
  2 necrophages
  2 wights (D:8)
  An orc priest (D:5)
  5 hounds
  An iguana (D:7)
  2 orc wizards
  Robin (D:2)
  12 adders
  2 ufetubi
  3 worms
  2 dart slugs (D:3)
  20 orcs
  9 endoplasms
  4 giant cockroaches
  17 goblins
  15 hobgoblins
  7 jackals
  2 quokkas
  7 ball pythons
  3 bats
  3 frilled lizards
  12 kobolds
  9 rats
  2 bushes (D:1)
167 creatures vanquished.

Vanquished Creatures (others)
  A plant (D:1)
1 creature vanquished.

Grand Total: 168 creatures vanquished

Notes
Turn   | Place    | Note
-------+----------+-------------------------------------------
     0 | D:1      | IndexError the Spriggan Hexslinger began the quest for the
                  | Orb.
     0 | D:1      | Reached XP level 1. HP: 9/9 MP: 3/3
   269 | D:1      | Found a faded altar of an unknown god.
   380 | D:1      | Reached XP level 2. HP: 14/14 MP: 5/5
   573 | D:1      | Reached skill level 4 in Hexes
   803 | D:1      | Reached skill level 3 in Ranged Weapons
   805 | D:1      | Found Zuzoosk's Weapon Emporium.
  2131 | D:2      | Reached XP level 3. HP: 17/17 MP: 6/6
  2595 | D:2      | Reached XP level 4. HP: 21/21 MP: 7/7
  2619 | D:2      | Noticed Robin
  2632 | D:2      | Killed Robin
  2669 | D:2      | Reached skill level 4 in Ranged Weapons
  3215 | D:3      | Reached XP level 5. HP: 23/25 MP: 6/8
  3520 | D:3      | Reached skill level 5 in Hexes
  3586 | D:3      | Noticed a black bear
  3620 | D:3      | Killed a black bear
  3621 | D:3      | Reached skill level 5 in Ranged Weapons
  3928 | D:3      | Reached XP level 6. HP: 29/29 MP: 9/9
  4018 | D:4      | Noticed Pikel
  4043 | D:3      | Killed Pikel
  4044 | D:3      | Reached skill level 7 in Ranged Weapons
  4044 | D:3      | Reached skill level 6 in Hexes
  4044 | D:3      | Reached XP level 7. HP: 25/32 MP: 8/10
  4102 | D:4      | Noticed Grinder
  4157 | D:4      | Killed Grinder
  4158 | D:4      | Reached skill level 7 in Hexes
  4262 | D:4      | Found a sparkling altar of Nemelex Xobeh.
  4656 | D:4      | Reached skill level 8 in Ranged Weapons
  4861 | D:4      | Learned a level 4 spell: Cause Fear
  5011 | D:5      | Entered Level 5 of the Dungeon
  5254 | D:5      | Reached XP level 8. HP: 37/37 MP: 11/11
  5454 | D:5      | Noticed Eustachio
  5489 | D:5      | Reached skill level 2 in Spellcasting
  5852 | D:5      | Reached skill level 3 in Spellcasting
  6238 | D:5      | Killed Eustachio
  6239 | D:5      | Reached skill level 9 in Ranged Weapons
  6494 | D:4      | Became a worshipper of Nemelex Xobeh the Trickster
  6673 | D:6      | Reached skill level 4 in Spellcasting
  7434 | D:7      | Identified a scroll of acquirement
  7434 | D:7      | Acquired a +2 hand crossbow of flaming
  7595 | D:7      | Noticed a hornet
  7625 | D:7      | Killed a hornet
  7626 | D:7      | Reached skill level 10 in Ranged Weapons
  7626 | D:7      | Reached skill level 5 in Spellcasting
  7626 | D:7      | Reached XP level 9. HP: 22/40 MP: 14/17
  7804 | D:7      | Reached * piety under Nemelex Xobeh
  7821 | D:7      | Found a bloodstained altar of Trog.
  7907 | D:7      | Found a staircase to the Ecumenical Temple.
  8337 | D:8      | Received a gift from Nemelex Xobeh
  8380 | Temple   | Entered the Ecumenical Temple
  9009 | D:8      | Reached skill level 11 in Ranged Weapons
  9151 | D:8      | Noticed Grum
  9157 | D:8      | Killed Grum
  9166 | D:8      | Reached skill level 12 in Ranged Weapons
  9303 | D:8      | HP: 8/35 [spriggan/+0 dagger (10)]
  9310 | D:8      | Slain by a spriggan

Illustrated notes

Levels and vault maps discovered:
D:1:      grunt_arrival_crossed_arrows, layout_loops_corners, serial_forest,
          infiniplex_forest_lined_2, infiniplex_forest_zigzag_1,
          infiniplex_forest_zigzag_1, infiniplex_forest_end_1,
          infiniplex_forest_end_1, infiniplex_forest_zigzag_2,
          infiniplex_forest_lined_2, basic_ecumenical_altar, serial_shops,
          nicolae_lakefront_shop
D:2:      layout_loops_cross, uniq_robin
D:3:      minmay_door_path, layout_basic
D:4:      layout_cave_pods, nicolae_overflow_hidden_temple,
          serial_bayou_lagoon_a, st_stairs_12, uniq_grinder, uniq_pikel
D:5:      layout_basic, uniq_eustachio
D:6:      layout_basic
D:7:      layout_basic, trog_hazing_becter, minmay_temple_entry_slanted,
          minmay_statues_item
D:8:      kb_forest_paths, layout_basic, uniq_grum
Temple:   compressed_dpeg_triangle_lava_temple

Skill      XL: |  1  2  3  4  5  6  7  8  9 |
---------------+----------------------------+-----
Hexes          | 4 5 6 7 |  7.0
Ranged Weapons | 3 4 5 7 8 10 12 | 12.6
Spellcasting   | 5 |  5.0
Fighting       | |  0.7
Dodging        | |  2.6

Action                     |  1- 3 |  4- 6 |  7- 9 || total
---------------------------+-------+-------+-------++-------
  Melee: Short sword       |   558 |       |       ||   558
         Punch             |    15 |       |       ||    15
         Sling             |       |     1 |       ||     1
   Fire: Sling             |   268 |   148 |   280 ||   696
         Hand crossbow     |       |       |    92 ||    92
   Cast: Slow              |     5 |    14 |    28 ||    47
         Cause Fear        |       |       |     1 ||     1
  Evoke: Wand              |       |       |     7 ||     7
    Use: Scroll            |       |     1 |    14 ||    15
 Armour: Robe              |     6 |     9 |    21 ||    36
  Dodge: Dodged            |    71 |    27 |   136 ||   234
  Block: Other             |     8 |     8 |       ||    16
         Reflection        |       |     1 |       ||     1

Table legend: (Time is in decaauts)
 A = Elapsed time spent in this place.
 B = Non-inter-level travel time spent in this place.
 C = Inter-level travel time spent in this place.
 D = Time resting spent in this place.
 E = Time spent auto-exploring this place.
 F = Levels seen in this place.
 G = Mean time per level.
                   A        B        C        D        E       F      G
               +--------+--------+--------+--------+--------+-----+--------+
         Total |   6734 |   6200 |    534 |     35 |   4080 |   9 |  748.2 |
       Dungeon |   6513 |   5985 |    528 |     35 |   3874 |   8 |  814.1 |
        Temple |    221 |    215 |      6 |      0 |    205 |   1 |  221.0 |
               +--------+--------+--------+--------+--------+-----+--------+

Top non-repeatable levels by time:
     D:1: 1694 daAuts
     D:5: 1020 daAuts
     D:4: 777 daAuts
     D:2: 699 daAuts
     D:7: 696 daAuts
     D:3: 681 daAuts
     D:6: 506 daAuts
     D:8: 437 daAuts
  Temple: 221 daAuts

Table legend:
 A = Kills in this place as a percentage of kills in entire the game.
 B = Kills by you in this place as a percentage of kills by you in the entire game.
 C = Kills by friends in this place as a percentage of kills by friends in the entire game.
 D = Other kills in this place as a percentage of other kills in the entire game.
 E = Experience gained in this place as a percentage of experience gained in the entire game.
 F = Experience gained in this place divided by the number of levels of this place that you have seen.
                   A       B       C       D       E      F
               +-------+-------+-------+-------+-------+----------------------
         Total | 100.0 | 100.0 |   N/A |   N/A | 100.0 | 555.9
       Dungeon | 100.0 | 100.0 |   N/A |   N/A | 100.0 | 625.4
               +-------+-------+-------+-------+-------+----------------------
